 Dungeon Crawl Stone Soup version 0.16.0-16-g311141a (webtiles) character file.

35 Sorcv the Sneak (level 3, -1/20 HPs)
             Began as a Kobold Enchanter on Mar 19, 2015.
             Slain by a gnoll
             ... wielding a +0 halberd
              (11 damage)
             ... on level 2 of the Dungeon.
             The game lasted 00:02:43 (685 turns).

Sorcv the Sneak (Kobold Enchanter)                   Turns: 685, Time: 00:02:43

Health: -1/20      AC:  4    Str:  6    XL:     3   Next: 55%
Magic:  15/15      EV: 15    Int: 13    God:
Gold:   59         SH:  0    Dex: 17    Spells: 3 memorised, 0 levels left

rFire  . . .     SeeInvis .     a - +1 dagger
rCold  . . .     Clarity  .     b - +1 robe
rNeg   . . .     SustAb   .     (no shield)
rPois  .         Gourm    .     j - +1 hat
rElec  .         Spirit   .     (no cloak)
rCorr  .         Warding  .     (no gloves)
rMut   .         Stasis   .     (no boots)
MR     .....                    (no amulet)
Stlth  ++++......               (no ring)
                                g - ring of magical power

@: not resistant to hostile enchantments, stealthy
A: carnivore 3, robust 1
a: no special abilities


You were on level 2 of the Dungeon.
You were not hungry.

You visited 1 branch of the dungeon, and saw 2 of its levels.

You collected 59 gold pieces.

Inventory:

Hand weapons
 a - a +1 dagger (weapon)
Armour
 b - a +1 robe (worn)
 j - a +1 hat (worn)
Jewellery
 g - a ring of magical power (left hand)
Scrolls
 e - a scroll of teleportation {unknown}
 h - a scroll of remove curse {unknown}
 i - a scroll of random uselessness {unknown}
 k - a scroll of amnesia {unknown}
Books
 c - a book of Maledictions

   Spells                             Type                      Level
   a - Corona                         Hexes                        1
   b - Sure Blade                     Hexes/Charms                 2
   c - Ensorcelled Hibernation        Hexes/Ice                    2
   d - Confuse                        Hexes                        3
   e - Dazzling Spray                 Conjuration/Hexes            3
   f - Enslavement                    Hexes                        4
Comestibles
 d - a meat ration
 l - a beef jerky


   Skills:
 - Level 1.3 Short Blades
 - Level 2.4 Dodging
 * Level 5.8 Stealth
 - Level 2.0 Spellcasting
 + Level 3.0 Hexes
 + Level 0.4 Ice Magic


You couldn't memorise any spells.
You knew the following spells:

 Your Spells              Type           Power        Failure   Level  Hunger
a - Corona                Hex            #......      10%         1    ##.....
b - Ensorcelled Hibernat  Hex/Ice        #.....       21%         2    ###....
c - Confuse               Hex            #.......     21%         3    ####...


Dungeon Overview and Level Annotations

Branches:
Dungeon (2/15)

Altars:
Fedhas
Kikubaaqudgha


Innate Abilities, Weirdness & Mutations

You are small and have problems with some larger weapons.
You are carnivorous and can eat meat at any time.
You are robust (+10% HP).


Message History

The gnoll is heavily wounded.
The gnoll hits you but does no damage.
You closely miss the gnoll.
The gnoll is heavily wounded.
The gnoll misses you.
You barely miss the gnoll.
The gnoll is heavily wounded.
The gnoll closely misses you.
The gnoll shouts!
You hit the gnoll.
The gnoll is heavily wounded.
You closely miss the gnoll.
The gnoll is heavily wounded.
The gnoll hits you with a spear!
* * * LOW HITPOINT WARNING * * *
Drink which item? (? for menu, Esc to quit)
You feel better. The gnoll barely misses you.
The gnoll hits you from afar with a halberd!
Ouch! That really hurt!
You die...

##########
.........################
............w...@gg......
######.....##########....
## #.#.#.# .# #.#...# .
.# #.###.# .... .# #.#
#.# ..g.# .# #.# #w#
....# .# #.# #.# ....# .#
#.# #.# ....#


You could see a worm and 2 gnolls.

Vanquished Creatures
  An adder (D:2)
  2 ball pythons (D:1)
  6 bats (D:1)
  A giant cockroach (D:1)
  5 hobgoblins
  2 giant geckos (D:1)
  A giant newt (D:1)
  3 goblins
  A kobold (D:1)
  2 rats (D:1)
24 creatures vanquished.

Notes
Turn   | Place    | Note
--------------------------------------------------------------
     0 | D:1      | Sorcv, the Kobold Enchanter, began the quest for the Orb.
     0 | D:1      | Reached XP level 1. HP: 10/10 MP: 3/3
    95 | D:1      | Gained mutation: You are robust (+10% HP). [potion of beneficial mutation]
   101 | D:1      | Reached XP level 2. HP: 14/16 MP: 4/4
   145 | D:1      | Reached skill level 5 in Stealth
   270 | D:1      | Reached XP level 3. HP: 20/20 MP: 6/6
   381 | D:2      | Learned a level 2 spell: Ensorcelled Hibernation
   385 | D:2      | Learned a level 3 spell: Confuse
   589 | D:2      | Found an ancient bone altar of Kikubaaqudgha.
   601 | D:2      | Found a blossoming altar of Fedhas.
   685 | D:2      | Slain by a gnoll

Action                   || total
-------------------------++-------
Melee: Dagger            ||    63
  Use: Potion            ||     3
 Stab: Sleeping          ||     6
